 Dungeon Crawl Stone Soup version 0.31.0-9-g3a7656b989 (webtiles) character file.

Game seed: 18181592445182744535

135 qw the Shooter (level 4, 0/23 HPs)
             Began as a Spriggan Hunter on Feb 2, 2024.
             Slain by an ogre
             ... wielding a +0 giant spiked club
              (23 damage)
             ... on level 3 of the Dungeon.
             The game lasted 00:00:06 (1932 turns).

qw the Shooter (Spriggan Hunter)                    Turns: 1932, Time: 00:00:07

Health: 0/23       AC:  2    Str:  7    XL:     4   Next: 97%
Magic:  5/5        EV: 20    Int: 10    God:
Gold:   76         SH:  0    Dex: 20    Spells: 3/3 levels left

rFire   . . .        a - +0 shortbow
rCold   . . .        (shield currently unavailable)
rNeg    . . .        c - +0 robe
rPois   .            (helmet restricted)
rElec   .            f - scarf {repulsion}
rCorr   .            (gloves unavailable)
SInv    +            (boots unavailable)
Will    .....        (no amulet)
Stlth   ++           (no ring)
HPRegen 0.23/turn    (no ring)
MPRegen 0.09/turn

%: repel missiles
@: very quick
A: very small, no large weapons, unfitting armour, see invisible, speed 3
a: no special abilities


You were on level 3 of the Dungeon.
You visited 1 branch of the dungeon, and saw 3 of its levels.

You collected 76 gold pieces.


Innate Abilities, Weirdness & Mutations

You are very small and have problems with some larger weapons.
You are too small for most types of armour.
You have supernaturally acute eyesight. (SInv)
You cover ground extremely quickly. (Speed+++)


   Skills:
 - Level 2.0 Fighting
 + Level 5.1 Ranged Weapons
 - Level 5.0 Dodging
 - Level 1.5 Stealth


You had 3 spell levels left.
You didn't know any spells.
Your spell library was empty.

Inventory:

Hand Weapons
 a - a +0 shortbow (weapon)
Armour
 c - a +0 robe (worn)
 f - a scarf of repulsion (worn)
Wands
 l - a wand of digging (6)
Scrolls
 b - a scroll of fear {unknown}
 i - a scroll of enchant armour {unknown}
Potions
 d - a potion of resistance {unknown}
 e - a potion of brilliance {unknown}
 g - 4 potions of curing
 h - a potion of attraction {unknown}
 j - a potion of mutation {unknown}
 k - a potion of magic {unknown}

Dungeon Overview and Level Annotations

Branches:
Dungeon (3/15)

Altars:


Message History

A ball python comes into view.
You shoot an arrow. The arrow hits the ball python.
You kill the ball python!
You see here 7 stones.
An adder comes into view.
You shoot an arrow. The arrow completely misses the adder.
The adder hisses angrily.
You shoot an arrow. The arrow misses the adder.
You shoot an arrow. The arrow hits the adder.
The adder is lightly wounded.
The adder completely misses you.
You shoot an arrow. The arrow hits the adder.
The adder is heavily wounded.
The adder bites you.
You are poisoned.
The adder poisons you! The adder bites you.
You shoot an arrow. The arrow hits the adder!
You kill the adder!
You feel sick.
You start resting.
You feel sick. x4
You are no longer poisoned.
HP restored.
You see here an adder corpse.
i - a scroll labelled RYRA SUGREN An ogre comes into view.
It is wielding a +0 giant spiked club.
The ogre shouts!
You shoot an arrow.
The arrow hits the ogre but does no damage.
You shoot an arrow. The arrow hits the ogre.
The ogre is lightly wounded.
The ogre completely misses you.
You shoot an arrow. The arrow hits the ogre!
The ogre is heavily wounded.
The ogre barely misses you.
You shoot an arrow. The arrow hits the ogre.
The ogre is heavily wounded.
The ogre hits you with a +0 giant spiked club!!
Ouch! That really hurt!
You die...

#.......#
#..####.#
#..####.#
#....##.#
#.##.##.#
#.......#
####.####
#.# #@#
......O.#
##.######


You could see an ogre.

Vanquished Creatures
  Terence (D:3)
  4 gnolls
  3 adders (D:3)
  2 dart slugs
  2 endoplasms
  4 giant cockroaches
  4 goblins
  3 hobgoblins
  6 kobolds
  A quokka (D:2)
  3 ball pythons
  A frilled lizard (D:2)
  8 rats
42 creatures vanquished.

Notes
Turn   | Place    | Note
-------+----------+-------------------------------------------
     0 | D:1      | qw the Spriggan Hunter began the quest for the Orb.
     0 | D:1      | Reached XP level 1. HP: 10/10 MP: 2/2
     0 | D:1      | 0 ||| qw: Version: 0.3-a-155-g5e7d8dd
     0 | D:1      | 0 ||| qw: Game counter: 402
     0 | D:1      | 0 ||| qw: Melee chars always use a shield: true
     0 | D:1      | 0 ||| qw: God list: Okawaru
     0 | D:1      | 0 ||| qw: Allow faded altars: false
     0 | D:1      | 0 ||| qw: Do Orc after clearing Dungeon:15 true
     0 | D:1      | 0 ||| qw: Do second Lair branch before Depths: true
     0 | D:1      | 0 ||| qw: Lair rune preference: random
     0 | D:1      | 0 ||| qw: Goals: Normal
     0 | D:1      | 0 ||| PLANNING D:1-11
    24 | D:1      | Reached skill level 3 in Dodging
   106 | D:1      | Reached XP level 2. HP: 14/14 MP: 3/3
   603 | D:1      | 603 ||| READING scroll labelled TIDOIL ATSI.
   604 | D:1      | 604 ||| READING scroll labelled COCZOIJIAS.
   605 | D:1      | 605 ||| DRINKING 2 viscous cyan potions.
   606 | D:1      | 606 ||| DROPPING scroll of butterflies.
   637 | D:2      | 637 ||| RETREEEEATING.
   640 | D:2      | 640 ||| RETREEEEATING.
   641 | D:2      | 641 ||| RETREEEEATING.
   642 | D:2      | 642 ||| RETREEEEATING.
   647 | D:2      | Reached XP level 3. HP: 18/18 MP: 4/4
   712 | D:2      | 712 ||| FLEEEEING.
   839 | D:2      | Reached XP level 4. HP: 22/22 MP: 5/5
  1277 | D:2      | 1277 ||| UPGRADING to scarf of repulsion.
  1282 | D:2      | 1282 ||| READING scroll labelled PUXOYDWOROPA.
  1282 | D:2      | 1282 ||| IDENTIFYING silvery potion
  1283 | D:2      | 1283 ||| READING scroll labelled ZUFUCOCROI.
  1384 | D:2      | 1384 ||| READING scroll labelled KOBITU PASS.
  1387 | D:2      | 1387 ||| DROPPING potion of invisibility.
  1488 | D:3      | Noticed Terence
  1496 | D:3      | Killed Terence
  1928 | D:3      | Noticed an ogre
  1932 | D:3      | Slain by an ogre

Levels and vault maps discovered:
D:1:      wander_arrival_lonely_grave, layout_basic
D:2:      layout_basic, minmay_door_square
D:3:      layout_loops_cross, tgw_fedhas, uniq_terence

Skill      XL: |  1  2  3  4 |
---------------+-------------+-----
Dodging        | 4 5 |  5.0
Ranged Weapons | 5 |  5.1
Fighting       | 2 |  2.0
Stealth        | |  1.5

Action                     |  1- 3 |  4- 6 || total
---------------------------+-------+-------++-------
   Fire: Shortbow          |    77 |    62 ||   139
    Use: Scroll            |     2 |     3 ||     5
         Potion            |     1 |       ||     1
 Armour: Robe              |    10 |    12 ||    22
  Dodge: Dodged            |    16 |    19 ||    35

Table legend:
 A = Non-vault XP
 B = Vault XP
 C = Vault XP percentage of total XP
 D = Non-vault monster count
 E = Vault monster count
 F = Vault count percentage of total count
                 A         B        C        D         E       F
            +---------+---------+-------+---------+---------+-------
      Total |     158 |      36 |  18.6 |      41 |       1 |   2.4
            +---------+---------+-------+---------+---------+-------
        D:1 |      33 |       0 |   0.0 |      11 |       0 |   0.0
        D:2 |      78 |       0 |   0.0 |      23 |       0 |   0.0
        D:3 |      47 |      36 |  43.4 |       7 |       1 |  12.5
            +---------+---------+-------+---------+---------+-------
